 Dungeon Crawl Stone Soup version 0.28.0-43-g3370ac3207 (webtiles) character file.

Game seed: 9969489876610736461

111 sking99 the Cudgeller (level 4, -10/35 HPs)
             Began as a Demonspawn Fighter on Mar 25, 2022.
             Killed by divine providence
             ... invoked by an orc priest
              (14 damage)
             ... on level 3 of the Dungeon.
             The game lasted 00:03:49 (3427 turns).

sking99 the Cudgeller (Demonspawn Fighter)          Turns: 3427, Time: 00:03:50

Health: -10/35     AC: 12    Str: 18    XL:     4   Next: 62%
Magic:  4/4        EV:  9    Int: 10    God:
Gold:   101        SH:  4    Dex: 12    Spells: 3/3 levels left

rFire   . . .      SeeInvis .   a - +0 flail
rCold   . . .      Faith    .   c - +0 buckler
rNeg    . . .      Spirit   .   b - +0 scale mail
rPois   .          Reflect  .   (no helmet)
rElec   .          Harm     .   (no cloak)
rCorr   .          Rampage  .   (no gloves)
Will    .....                   (no boots)
Stlth   ..........              (no amulet)
HPRegen 0.11/turn               (no ring)
MPRegen 0.09/turn               (no ring)

@: sanguine armoured
A: sanguine armour 1
a: no special abilities


You were on level 3 of the Dungeon.
You visited 1 branch of the dungeon, and saw 3 of its levels.

You collected 101 gold pieces.

Inventory:

Hand Weapons
 a - a +0 flail (weapon)
Missiles
 e - a throwing net (quivered)
Armour
 b - a +0 scale mail (worn)
 c - a +0 buckler (worn)
Jewellery
 i - a ring of poison resistance
Scrolls
 h - 2 scrolls of identify {unknown}
 j - a scroll of silence {unknown}
 l - a scroll of vulnerability {unknown}
 o - a scroll of summoning {unknown}
 p - a scroll of enchant armour {unknown}
 q - a scroll of enchant weapon {unknown}
Potions
 d - a potion of might
 f - a potion of brilliance {unknown}
 g - a potion of invisibility {unknown}
 k - a potion of heal wounds {unknown}
 m - a potion of ambrosia {unknown}
 n - a potion of curing {unknown}
 r - a potion of resistance


   Skills:
 - Level 3.0 Fighting
 * Level 4.4 Maces & Flails
 - Level 2.7 Armour
 - Level 2.7 Shields


You had 3 spell levels left.
You didn't know any spells.
Your spell library was empty.

Dungeon Overview and Level Annotations

Branches:
Dungeon (3/15)

Altars:

Shops:
D:1 *   D:2 [


Innate Abilities, Weirdness & Mutations

When seriously injured, your blood forms armour. (AC +6)


Message History

You hit the endoplasm.
You kill the endoplasm!
The rat bites you but does no damage.
You sock the rat!
You kill the rat!
No target in view!
Found 15 stones.
An orc priest comes into view. It is wielding a +0 flail.
The orc priest shouts!
The orc priest casts a cantrip, but nothing happens.
An orc priest is nearby!
An orc comes into view. It is wielding a +0 war axe of venom.
An orc comes into view. It is wielding a +0 flail.
The orc shouts! x2; You hear a shout!
An orc comes into view. It is wielding a +0 short sword.
The orc shouts!
You see here a scroll labelled KIV GARUIHEM.
You hit the orc priest but do no damage.
An orc wizard comes into view. It is wielding a +0 dagger.
You block the orc priest's attack.
You barely miss the orc priest.
The orc priest calls down the wrath of Beogh upon you.
Beogh smites you!
Your blood congeals into armour.
You hit the orc priest.
The orc priest is moderately wounded.
The orc hits you but does no damage.
The orc priest hits you but does no damage.
The orc priest mumbles some strange prayers to Beogh against you.
Beogh smites you! You block the orc's attack.
You closely miss the orc.
The orc wizard gestures wildly while chanting.
The orc wizard flickers and vanishes!
Deactivating autopickup; reactivate with Ctrl-A.
The orc barely misses you.
The orc priest invokes the aid of Beogh against you.
Beogh smites you!
* * * LOW HITPOINT WARNING * * *
The orc priest calls down the wrath of Beogh upon you.
Beogh smites you!
You die...

#.#.##
#####.#####..#######..##
#.#..###.....# ###.## #...##
..##.....#######...# ##...#
.###.##########..### #)#..
...............#.######
###.##.
.##.####..###.........#
#...### .... #..#..#######.#
#.### #
....######...########..####.#
...o?.....o.o.o.@......^....#
#####......###########....###
######...# ##.### ## ###.#
#######.# ######< ...
........###......
.(.............#####
################


You could see an orc priest and 2 orcs.

Vanquished Creatures
  3 adders
  3 dart slugs
  9 orcs (D:3)
  10 endoplasms
  2 giant cockroaches
  5 hobgoblins
  3 jackals (D:2)
  2 quokkas
  2 ball pythons
  6 bats
  5 frilled lizards
  6 goblins
  4 kobolds
  5 rats
65 creatures vanquished.

Notes
Turn   | Place    | Note
-------+----------+-------------------------------------------
     0 | D:1      | sking99 the Demonspawn Fighter began the quest for the Orb.
     0 | D:1      | Reached XP level 1. HP: 18/18 MP: 1/1
    72 | D:1      | Reached skill level 2 in Maces & Flails
   353 | D:1      | Gained mutation: When seriously injured, your blood forms
                  | armour. (AC +6) [demonic ancestry]
   353 | D:1      | Reached XP level 2. HP: 24/24 MP: 2/2
   395 | D:1      | Found Fyejes's General Store.
   722 | D:1      | Reached skill level 3 in Maces & Flails
   874 | D:1      | Reached XP level 3. HP: 23/29 MP: 3/3
  1346 | D:2      | Found Rainidaa's Armour Shoppe.
  2286 | D:2      | Identified the +3 scale mail of Sin {Fly rElec Int-4}
  2783 | D:3      | Reached skill level 4 in Maces & Flails
  2783 | D:3      | Reached XP level 4. HP: 21/35 MP: 4/4
  3427 | D:3      | Killed from afar by an orc priest

Illustrated notes

Levels and vault maps discovered:
D:1:      dpeg_arrival_pond, layout_basic, serial_shops, shop
D:2:      layout_basic, serial_shops, nicolae_shop_stone,
          kennysheep_generic_room_12
D:3:      layout_rooms

Skill      XL: |  1  2  3 |
---------------+----------+-----
Maces & Flails | 2 3 4 |  4.4
Fighting       | |  3.0
Armour         | |  2.7
Shields        | |  2.7

Action                   |  1- 3 |  4- 6 || total
-------------------------+-------+-------++-------
Melee: Flail             |   142 |    43 ||   185
Armor: Scale mail        |    55 |    17 ||    72
Dodge: Dodged            |    69 |    14 ||    83
Block: Buckler           |    29 |    13 ||    42
